 Dungeon Crawl Stone Soup version 0.22.0-49-gab54619674 (webtiles) character file.

137 RealIsaac the Ruffian (level 5, 0/42 HPs)
             Began as a Human Berserker on Sept 3, 2018.
             Was a Believer of Trog.
             Slain by Natasha (7 damage)
             ... on level 3 of the Dungeon.
             The game lasted 00:08:46 (3218 turns).

RealIsaac the Ruffian (Human Berserker)             Turns: 3218, Time: 00:08:46

Health: 0/42       AC:  6    Str: 18    XL:     5   Next: 44%
Magic:  5/5        EV: 11    Int:  7    God:    Trog [**....]
Gold:   144        SH:  5    Dex: 13    Spells: 4/4 levels left

rFire    . . .     SeeInvis .     - Unarmed
rCold    . . .     Gourm    .   (no shield)
rNeg     . . .     Faith    .   j - +0 scale mail
rPois    .         Spirit   .   (no helmet)
rElec    .         Reflect  +   (no cloak)
rCorr    .         Harm     .   (no gloves)
MR       ++...                  (no boots)
Stlth    ..........             e - +5 amulet of reflection
HPRegen  1.14/turn              (no ring)
MPRegen  0.09/turn              (no ring)

@: berserk cooldown, regenerating, slowed, very slow
A: no striking features
a: Berserk, Trog's Hand, Renounce Religion


You were on level 3 of the Dungeon.
You worshipped Trog.
Trog was pleased with you.
You were not hungry.

You visited 1 branch of the dungeon, and saw 3 of its levels.

You collected 144 gold pieces.

Inventory:

Armour
 a - a +0 animal skin
 j - a +0 scale mail (worn)
Jewellery
 e - a +5 amulet of reflection (around neck)
Scrolls
 d - a scroll of identify
 f - 2 scrolls of magic mapping {unknown}
 h - a scroll of blinking {unknown}
 i - a scroll of noise {unknown}
 l - a scroll of enchant weapon {unknown}
Potions
 c - a potion of berserk rage {unknown}
 k - 2 potions of invisibility {unknown}
Comestibles
 b - 6 rations
 g - 2 chunks of flesh


   Skills:
 + Level 3.7 Fighting
 + Level 2.1 Armour
 + Level 3.0 Dodging
 + Level 0.5 Stealth
 + Level 4.5 Unarmed Combat


You had 4 spell levels left.
You didn't know any spells.
Your spell library was empty.

Dungeon Overview and Level Annotations

Branches:
Dungeon (3/15)

Altars:
Qazlal

Annotations:
D:3 Natasha


Message History

Natasha closely misses you. The adder bites you but does no damage.
You are no longer berserk.
You are exhausted.
You feel yourself slow down. The crimson imp hits you. The adder misses you.
Natasha growls.
Natasha claws you but does no damage.
You miss the crimson imp. The adder barely misses you.
The crimson imp hits you. You block Natasha's attack.
You closely miss the crimson imp. The adder bites you but does no damage.
The crimson imp hits you.
Natasha growls.
Natasha claws you!
* * * LOW HITPOINT WARNING * * *
The adder bites you.
* * * LOW HITPOINT WARNING * * *
The crimson imp hits you but does no damage.
Your skin crawls.
You feel resistant to hostile enchantments.
You feel somewhat more hungry. The adder closely misses you. Natasha claws you!
You die...

#######.# ........#
........#
........############
.........>.........#
........##########.#
#################..#
........S..###
.#...#@..#....#
.......5h...##.#
..#...#...###
...........#
############


You could see Natasha, a crimson imp and an adder.

Vanquished Creatures
  Jessica (D:2)
  Terence (D:3)
  2 adders (D:2)
  An ooze (D:1)
  A worm (D:2)
  4 dart slugs
  2 leopard geckos (D:2)
  8 bats
  A giant cockroach (D:2)
  8 goblins
  6 hobgoblins
  3 jackals (D:1)
  A quokka (D:3)
  A frilled lizard (D:2)
  5 kobolds
  4 rats
49 creatures vanquished.

Notes
Turn   | Place    | Note
-------+----------+-------------------------------------------
     0 | D:1      | RealIsaac the Human Berserker began the quest for the Orb.
     0 | D:1      | Reached XP level 1. HP: 18/18 MP: 1/1
   154 | D:1      | Reached XP level 2. HP: 5/24 MP: 2/2
  1164 | D:1      | Reached XP level 3. HP: 18/29 MP: 3/3
  2073 | D:2      | Reached XP level 4. HP: 15/35 MP: 4/4
  2271 | D:2      | Noticed Jessica
  2278 | D:2      | Killed Jessica
  2278 | D:2      | Reached ** piety under Trog
  2278 | D:2      | Reached skill level 4 in Unarmed Combat
  2547 | D:2      | Reached XP level 5. HP: 38/41 MP: 5/5
  3086 | D:3      | Noticed Terence
  3110 | D:3      | Killed Terence
  3150 | D:3      | Found a stormy altar of Qazlal.
  3188 | D:3      | Noticed Natasha
  3218 | D:3      | Slain by Natasha

Skill      XL: |  1  2  3  4  5 |
---------------+----------------+-----
Unarmed Combat | 4 |  4.5
Dodging        | 3 |  3.0
Fighting       | |  3.7
Armour         | |  2.1
Stealth        | |  0.5

Action                   |  1- 3 |  4- 6 || total
-------------------------+-------+-------++-------
Melee: Unarmed           |   138 |    98 ||   236
       Punch             |     1 |     2 ||     3
Invok: Berserk           |       |     2 ||     2
       Trog's Hand       |       |     1 ||     1
  Use: Scroll            |     1 |       ||     1
  Eat: Ration            |     1 |     1 ||     2
       Chunk             |       |     4 ||     4
Armor: Animal skin       |    20 |     9 ||    29
       Scale mail        |       |    35 ||    35
Dodge: Dodged            |    74 |    66 ||   140
Block: Other             |     4 |    31 ||    35
